 Dungeon Crawl Stone Soup version 0.19-a0-320-gcfc3c9c (webtiles) character file.

169 MenacingMecha the Cudgeler (level 5, 0/54 HPs)
             Began as an Ogre Gladiator on May 28, 2016.
             Slain by an orc
             ... wielding a +0 trident
              (11 damage)
             ... on level 3 of the Dungeon.
             The game lasted 00:04:57 (2954 turns).

MenacingMecha the Cudgeler (Ogre Gladiator)         Turns: 2954, Time: 00:04:58

Health: 0/54       AC:  3    Str: 20    XL:     5   Next: 50%
Magic:  5/5        EV: 10    Int:  7    God:
Gold:   84         SH:  0    Dex: 11    Spells: 0 memorised, 4 levels left

rFire  . . .     SeeInvis .     a - +0 flail
rCold  . . .     Gourm    .     b - +0 robe
rNeg   . . .     Faith    .     (no shield)
rPois  .         Spirit   .     c - +0 hat
rElec  .         Dismiss  .     (no cloak)
rCorr  .         Reflect  .     (gloves unavailable)
SustAt .         Harm     .     (boots unavailable)
MR     .....                    (no amulet)
Stlth  +.........               (no ring)
                                (no ring)

@: not resistant to hostile enchantments, very unstealthy
A: unfitting armour, tough skin 1
a: no special abilities


You were on level 3 of the Dungeon.
You were hungry.

You visited 1 branch of the dungeon, and saw 3 of its levels.

You collected 84 gold pieces.

Inventory:

Hand Weapons
 a - a +0 flail (weapon)
Missiles
 d - 4 throwing nets
Armour
 b - a +0 robe (worn)
 c - a +0 hat (worn)
Scrolls
 e - 2 scrolls of identify {unknown}
 h - 2 scrolls of blinking {unknown}
 m - a scroll of remove curse {unknown}
Potions
 i - a potion of invisibility {unknown}
 j - a potion of mutation {unknown}
 k - a potion of resistance {unknown}
 l - a potion of magic {unknown}
 n - a potion of cure mutation {unknown}
Comestibles
 f - 2 bread rations
 g - 3 meat rations


   Skills:
 + Level 4.0 Fighting
 - Level 7.3 Maces & Flails
 - Level 2.0 Throwing
 - Level 2.6 Dodging


You had 4 spell levels left.
You didn't know any spells.

Dungeon Overview and Level Annotations

Branches:
Dungeon (3/15)

Altars:
Xom


Innate Abilities, Weirdness & Mutations

You are too large for most types of armour.
You have tough skin. (AC +1)


Message History

A jackal comes into view.
The jackal barks!
Found a stone staircase leading down.
A jackal comes into view.
There are monsters nearby!
You closely miss the jackal. The jackal closely misses you.
The jackal barely misses you.
The jackal barks!
You hit the jackal.
You kill the jackal!
The jackal barely misses you.
You sock the jackal!
You kill the jackal!
There is a stone staircase leading down here.
g - 3 meat rations (gained 1)
A bat comes into view.
The bat hits you. The bat barely misses you.
You closely miss the bat. The bat barely misses you.
The bat hits you but does no damage.
You hit the bat but do no damage. The bat hits you but does no damage.
The bat hits you but does no damage. The bat misses you.
You barely miss the bat. The bat closely misses you. The bat barely misses you.
You closely miss the bat. The bat barely misses you.
You closely miss the bat. The bat hits you but does no damage.
The bat misses you. The bat hits you but does no damage.
Found a stone staircase leading up.
You miss the bat. The bat hits you but does no damage.
The bat barely misses you. The bat hits you but does no damage.
The bat closely misses you.
You miss the bat. The bat misses you.
You hit the bat.
You kill the bat!
Your Fighting skill increases to level 4!
No target in view!
Found a shimmering altar of Xom.
You are feeling hungry.
n - a metallic inky potion Eat which item? (? for menu, Esc to quit)
Okay, then.
Found a stone staircase leading up.
There is a stone staircase leading up here.
A quokka comes into view.
The orc throws a stone.
The stone barely misses you.
The orc throws a stone.
The stone closely misses you.
Press: ? - help, v - describe, . - travel
Here: an orc, wielding a trident and wearing a shield The floor.
The orc throws a stone.
The stone hits you but does no damage.
There is a stone staircase leading up here.
The quokka bites you.
The orc hits you from afar with a trident!
You barely miss the quokka. The quokka closely misses you.
The orc hits you from afar with a trident.
You closely miss the quokka. The quokka closely misses you.
The orc barely misses you. The quokka completely misses you.
The orc closely misses you. The quokka bites you.
The orc shouts!
You hit the orc.
The orc is severely wounded.
The quokka bites you.
You sock the orc!
You kill the orc!
The quokka closely misses you.
The orc drinks a potion.
The orc suddenly seems more agile.
Items here: ! $ ( ) ? [ † You closely miss the orc.
The orc hits you with a trident. The quokka bites you.
You hit the orc but do no damage. The quokka bites you.
The orc completely misses you.
The quokka bites you but does no damage.
You closely miss the orc. The orc hits you with a trident.
The quokka bites you.
You closely miss the orc. The orc barely misses you.
The quokka barely misses you.
You miss the orc. The quokka barely misses you. The orc barely misses you.
You closely miss the orc.
The quokka bites you but does no damage.
The orc barely misses you. The quokka bites you.
You barely miss the orc. The orc closely misses you.
The quokka bites you but does no damage.
You closely miss the orc. The quokka completely misses you.
The orc hits you with a trident.
* * * LOW HITPOINT WARNING * * *
You closely miss the orc.
The quokka bites you but does no damage.
The orc hits you with a trident.
* * * LOW HITPOINT WARNING * * *
You barely miss the orc. The quokka bites you.
* * * LOW HITPOINT WARNING * * *
The orc hits you but does no damage.
You hit the orc.
The orc is heavily wounded.
The quokka bites you.
* * * LOW HITPOINT WARNING * * *
The orc hits you with a trident!
You die...

#.#
###...........
#.#
#............#
#.#
#.##..........
#.#
#.#..######..#
#.#
#.#...>.....##
##<#
.#..########
#..# #....##
##r####..o...#
#..@.##......#
#...o##......#
#.............
#.....#.....o.
#..(.#####....
#..(.# ...
#....# .
#....# #....#


You could see an orc and a quokka.

Vanquished Creatures
  A giant frog skeleton (D:3)
  An orc wizard (D:3)
  2 adders (D:2)
  An ooze (D:2)
  6 dart slugs
  A giant gecko (D:1)
  3 orcs (D:3)
  A ball python (D:1)
  A giant cockroach (D:2)
  15 goblins
  9 hobgoblins
  7 jackals
  7 bats
  4 giant newts
  7 kobolds
  8 rats
74 creatures vanquished.

Notes
Turn   | Place    | Note
--------------------------------------------------------------
     0 | D:1      | MenacingMecha the Ogre Gladiator began the quest for the Orb.
     0 | D:1      | Reached XP level 1. HP: 22/22 MP: 1/1
   181 | D:1      | Reached XP level 2. HP: 29/29 MP: 2/2
   247 | D:1      | Reached skill level 5 in Maces & Flails
   423 | D:1      | Reached XP level 3. HP: 36/36 MP: 3/3
  1220 | D:2      | Reached skill level 6 in Maces & Flails
  1526 | D:2      | Reached XP level 4. HP: 41/44 MP: 4/4
  2254 | D:3      | Reached skill level 7 in Maces & Flails
  2254 | D:3      | Reached XP level 5. HP: 42/50 MP: 5/5
  2429 | D:3      | Reached skill level 3 in Fighting
  2847 | D:3      | Reached skill level 4 in Fighting
  2881 | D:3      | Found a shimmering altar of Xom.
  2953 | D:3      | HP: 13/54 [quokka (2)]
  2954 | D:3      | Slain by an orc

Vault maps used:
D:1:      dpeg_arrival_arbitrary_b, minmay_misc_feat_nine_boxes
D:3:      first_bread, xom_teletrap_fun

Skill      XL: |  1  2  3  4  5 |
---------------+----------------+-----
Maces & Flails | 5 6 7 |  7.3
Fighting       | 4 |  4.0
Throwing       | |  2.0
Dodging        | |  2.6

Action                   |  1- 3 |  4- 6 || total
-------------------------+-------+-------++-------
Melee: Flail             |   116 |   127 ||   243
 Stab: Sleeping          |     1 |       ||     1
  Eat: Chunk             |     2 |     4 ||     6
Armor: Robe              |    28 |    49 ||    77
Dodge: Dodged            |    65 |   106 ||   171

Vault maps used:
D:1:      dpeg_arrival_arbitrary_b, minmay_misc_feat_nine_boxes
D:3:      first_bread, xom_teletrap_fun

Table legend:
 A = Turns spent in this place as a percentage of turns spent in the entire game.
 B = Non-inter-level travel turns spent in this place as a percentage of non-inter-level travel turns spent in the entire game.
 C = Inter-level travel turns spent in this place as a percentage of turns spent in this place.
 D = Turns resting spent in this place as a percentage of non-inter-level travel turns spent in this place.
 E = Turns spent auto-exploring this place as a percentage of non-inter-level travel turns spent in this place.
 F = Non-inter-level travel turns spent in this place divided by the number of levels of this place that you've seen.
                   A       B       C       D       E      F
               +-------+-------+-------+-------+-------+----------------------
         Total | 100.0 | 100.0 |   0.4 |   6.6 |  11.0 | 230.7
       Dungeon | 100.0 | 100.0 |   0.4 |   6.6 |  11.0 | 230.7
               +-------+-------+-------+-------+-------+----------------------

Table legend:
 A = Kills in this place as a percentage of kills in entire the game.
 B = Kills by you in this place as a percentage of kills by you in the entire game.
 C = Kills by friends in this place as a percentage of kills by friends in the entire game.
 D = Other kills in this place as a percentage of other kills in the entire game.
 E = Experience gained in this place as a percentage of experience gained in the entire game.
 F = Experience gained in this place divided by the number of levels of this place that you have seen.
                   A       B       C       D       E      F
               +-------+-------+-------+-------+-------+----------------------
         Total | 100.0 | 100.0 |  -nan |  -nan | 100.0 |  80.7
       Dungeon | 100.0 | 100.0 |  -nan |  -nan | 100.0 |  80.7
               +-------+-------+-------+-------+-------+----------------------
